Workbook
Name Adresse: [1]Donnees!$B$7
Name CPTT: [1]Donnees!$B$8
Name NAF_APE: [1]Donnees!$B$12
Name Nom: [1]Donnees!$B$5
Name Numéro_client: [1]liste_clients!$A$6:$A$60
Name Portable: [1]Donnees!$B$10
Name SIRET: [1]Donnees!$B$11
Name VILLE: [1]Donnees!$B$9

Sheet BaseFactures
B1: Factures | D1: date du jour --> | E1: =TODAY() -> 45210
A4: Code | B4: Date Fact | C4: N° Fact | D4: Nom - Prénom | E4: BRUT HT | F4: Remise | G4: Acompte | H4: NET A PAYER | I4: Échéance | J4: Retard | K4: Payé | L4: Etat | M4: 1ère Rel | N4: Montant | O4: 2ème Rel | P4: Montant | Q4: SOLDE | R4: Commentaires
A5: C0001 | B5: 45181 | C5: 20230925 0001 | D5: Adrien DUPUIS | E5: 475 | H5: =E5-F5-G5 -> 475 | I5: =B5+5 -> 45186 | J5: =IF($E$1>=I5, $E$1-I5 & " jour(s)", "") -> 24 jour(s) | K5: 0 | L5: =IF(AND(H5=K5,I5<$D$1),"Echue","Retard") -> Retard | Q5: =H5-K5-N5-P5 -> 475
A6: C0002 | B6: 45184 | C6: 20230925 0002 | D6: MMMM | E6: 105 | F6: 5.25 | H6: 99.75 | I6: =B6+5 -> 45189 | J6: =IF($E$1>=I6, $E$1-I6 & " jour(s)", "") -> 21 jour(s) | L6: =IF(AND(H6=K6,I6<$D$1),"Echue","Retard") -> Retard | Q6: =H6-K6-N6-P6 -> 99.75
A7: C0001 | B7: 45186 | C7: 20230925 0003 | D7: Adrien DUPUIS | E7: 360 | F7: 36 | G7: 24 | H7: 300 | I7: =B7+5 -> 45191 | J7: =IF($E$1>=I7, $E$1-I7 & " jour(s)", "") -> 19 jour(s) | K7: 50 | L7: =IF(AND(H7=K7,I7<$D$1),"Echue","Retard") -> Retard | Q7: =H7-K7-N7-P7 -> 250
A8: C0001 | B8: 45189 | C8: 20230925 0004 | D8: Adrien DUPUIS | E8: 245 | F8: 49 | H8: 196 | I8: =B8+5 -> 45194 | J8: =IF($E$1>=I8, $E$1-I8 & " jour(s)", "") -> 16 jour(s) | K8: 196 | L8: =IF(AND(H8=K8,I8<$D$1),"Echue","Retard") -> Echue | Q8: =H8-K8-N8-P8 -> 0
A9: C0003 | B9: 45194 | C9: 20230925 0005 | D9: PPPPPPP | E9: 1195 | F9: 179.25 | H9: 1015.75 | I9: =B9+5 -> 45199 | J9: =IF($E$1>=I9, $E$1-I9 & " jour(s)", "") -> 11 jour(s) | K9: 1015.75 | L9: =IF(AND(H9=K9,I9<$D$1),"Echue","Retard") -> Echue | Q9: =H9-K9-N9-P9 -> 0
A10: C0001 | B10: 45201 | C10: 20230925 0006 | D10: Adrien DUPUIS | E10: 120 | H10: 120 | I10: =B10+5 -> 45206 | J10: =IF($E$1>=I10, $E$1-I10 & " jour(s)", "") -> 4 jour(s) | L10: =IF(AND(H10=K10,I10<$D$1),"Echue","Retard") -> Retard | Q10: =H10-K10-N10-P10 -> 120

Sheet Relance
F3: mon adr
B4: Mon Nom | F4: cptt et ville
F5: Portable :
F6: Siret :
F7: NAF/APE :
F11: Adrien DUPUIS
B15: Code client : | C15: C0001 | F15: 75000 | G15: PARIS
B16: Objet : | C16: Relance de paiement
B17: PJ : | C17: Double factures
C18: Retard | H18: =TODAY() -> 45210
A20: _ | B20: Cher Client,
B21: Sauf erreur ou omission de notre part, et après vérification de votre compte,
B22: nous constatons que la somme dont le détail apparaît ci-dessous n'est pas réglée.
I24: Résultat demandé avec votre coopération
B25: N° Fact | C25: Date Fact | D25: Date Ech | E25: Solde | I25: N° Fact | J25: Date Fact | K25: Date Ech | L25: Solde
I26: =BaseFactures!C5 -> 20230925 0001 | J26: =BaseFactures!B5 -> 45181 | K26: =BaseFactures!I5 -> 45186 | L26: =BaseFactures!Q5 -> 475
I27: =BaseFactures!C7 -> 20230925 0003 | J27: =BaseFactures!B7 -> 45186 | K27: =BaseFactures!I7 -> 45191 | L27: =BaseFactures!Q7 -> 250
I28: =BaseFactures!C10 -> 20230925 0006 | J28: =BaseFactures!B10 -> 45201 | K28: =BaseFactures!I10 -> 45206 | L28: =BaseFactures!Q10 -> 120
L29: =SUM(L26:L28) -> 845
B32: Nous vous prions de bien vouloir procéder à son règlement dans les meilleurs délais,
B33: et vous adressons, à toutes fins utiles, un duplicata de cette facture en pièces jointe.
B35: Si par ailleurs votre paiement venait à nous parvenir avant la réception de cette lettre, nous vous
B36: saurions gré de ne pas tenir compte de cette dernière.
B38: Il s'agit peut être d'un simple oubli de votre part et vous remercions de bien vouloir régulariser cette situation
B39: dans les plus brefs délais, ou de nous communiquer les raisons qui s'opposent à leur prompt règlement.
B41: Restant à votre disposition pour tout complément d'information, dans l'attente de votre règlement,
B42: veuillez agréer, Cher Client, nos salutations distinguées.
B46: Nous vous rappelons que suivant l'Art. L441-6 du code du commerce les pénalités de retard
B47: sont dûes au premier jour de votre échéance dépassée,
B48: et l'indemnité forfaitaire de 40 € est due en totalité par facture, Art L441-3, L441-5 et L441-6
B52: Moi
